 Dungeon Crawl Stone Soup version 0.28.0-45-g0d030f2227 (webtiles) character file.

Game seed: 11486481095317977190

373 safid the Cleaver (level 6, -1/52 HPs)
             Began as a Hill Orc Fighter on Apr 15, 2022.
             Was an Initiate of Beogh.
             Slain by Duvessa
             ... wielding a +0 short sword
              (3 damage)
             ... on level 4 of the Dungeon.
             The game lasted 00:04:13 (3125 turns).

safid the Cleaver (Hill Orc Fighter)                Turns: 3125, Time: 00:04:14

Health: -1/52      AC:  9    Str: 21    XL:     6   Next: 71%
Magic:  6/6        EV:  9    Int:  8    God:    Beogh [......]
Gold:   191        SH:  9    Dex: 10    Spells: 5/5 levels left

rFire   . . .      SeeInvis .   a - +0 war axe
rCold   . . .      Faith    .   c - +0 buckler
rNeg    . . .      Spirit   .   b - +0 scale mail
rPois   .          Reflect  +   j - +0 helmet
rElec   .          Harm     .   (no cloak)
rCorr   .          Rampage  .   (no gloves)
Will    .....                   q - +0 pair of boots
Stlth   ..........              i - amulet of reflection
HPRegen 0.17/turn               (no ring)
MPRegen 0.10/turn               (no ring)

@: no status effects
A: no striking features
a: Renounce Religion


You were on level 4 of the Dungeon.
You worshipped Beogh.
Beogh was noncommittal.
You visited 1 branch of the dungeon, and saw 6 of its levels.

You collected 191 gold pieces.

Inventory:

Hand Weapons
 a - a +0 war axe (weapon)
Missiles
 o - 10 poisoned darts (quivered)
Armour
 b - a +0 scale mail (worn)
 c - a +0 buckler (worn)
 j - a +0 helmet (worn)
 q - a +0 pair of boots (worn)
Jewellery
 i - an amulet of reflection (around neck)
Scrolls
 k - a scroll of enchant weapon {unknown}
 l - 2 scrolls of identify {unknown}
 n - 2 scrolls of teleportation {unknown}
 p - a scroll of blinking {unknown}
 r - a scroll of magic mapping {unknown}
Potions
 d - 2 potions of might
 e - a potion of curing {unknown}
 f - 2 potions of resistance {unknown}
 g - a potion of heal wounds {unknown}
 h - a potion of cancellation {unknown}
 m - a potion of attraction {unknown}


   Skills:
 - Level 4.0 Fighting
 + Level 8.1 Axes
 - Level 4.0 Armour
 - Level 4.0 Shields


You had 5 spell levels left.
You didn't know any spells.
Your spell library contained the following spells:

 Spells                   Type           Power      Damage    Failure   Level
 Ignite Poison            Fire/Tmut/Pois 0%         N/A       99%         3
 Mephitic Cloud           Conj/Pois/Air  0%         N/A       99%         3
 Freezing Cloud           Conj/Ice/Air   0%         6-21      100%        5


Dungeon Overview and Level Annotations

Branches:
Dungeon (6/15)             Temple (0/1) D:4

Altars:
Kikubaaqudgha

Annotations:
D:4 Duvessa


Message History

You completely miss Duvessa. You slash the goblin!
You kill the goblin!
Beogh accepts your kill. Duvessa hits you but does no damage.
Unknown command.
You slash Duvessa!
Duvessa is lightly wounded.
Duvessa closely misses you. x2
Unknown command.
You closely miss Duvessa.
Duvessa is lightly wounded.
Duvessa hits you but does no damage.
Unknown command.
You slash Duvessa!
Duvessa is heavily wounded.
Duvessa barely misses you. Duvessa hits you with a +0 short sword!
You slash Duvessa!
Duvessa is heavily wounded.
You block Duvessa's attack. Duvessa hits you with a +0 short sword!
You slash Duvessa!
Duvessa is severely wounded.
You block Duvessa's attack.
You hit Duvessa but do no damage.
Duvessa is severely wounded.
You block Duvessa's attack. Duvessa hits you with a +0 short sword.
You slash Duvessa!
Duvessa is almost dead.
Duvessa hits you with a +0 short sword!
* * * LOW HITPOINT WARNING * * *
Duvessa hits you but does no damage.
You hit Duvessa but do no damage.
Duvessa is almost dead.
Duvessa hits you with a +0 short sword!
* * * LOW HITPOINT WARNING * * *
You barely miss Duvessa.
Duvessa is almost dead.
Duvessa hits you with a +0 short sword.
* * * LOW HITPOINT WARNING * * *
Duvessa hits you with a +0 short sword.
You die...

#### ..# # #.# .#
####.######..#
............=
#.e.......#
#######.)@)#
........#..#
####.##...##
###.###..## #
(.#......##.#.
#.#####.###........
#..............#.#.
#....##.##..8..# #
########.##.##.....#


You could see Duvessa (berserk, fast).

Vanquished Creatures
  Blork the orc (D:4)
  Dowan (D:4)
  A bullfrog skeleton (D:5)
  An orc priest (D:6)
  Jessica (D:2)
  An iguana (D:6)
  2 orc wizards
  An adder (D:2)
  A white imp (D:6)
  2 worms (D:2)
  3 dart slugs
  6 orcs
  3 endoplasms
  6 giant cockroaches
  8 goblins
  3 hobgoblins
  3 jackals (D:2)
  3 quokkas
  3 ball pythons
  8 bats
  2 frilled lizards
  9 kobolds
  3 rats
72 creatures vanquished.

Vanquished Creatures (others)
  A water moccasin (D:6)
  An orc (D:6)
2 creatures vanquished.

Grand Total: 74 creatures vanquished

Notes
Turn   | Place    | Note
-------+----------+-------------------------------------------
     0 | D:1      | safid the Hill Orc Fighter began the quest for the Orb.
     0 | D:1      | Reached XP level 1. HP: 19/19 MP: 1/1
   112 | D:1      | Reached XP level 2. HP: 24/27 MP: 2/2
   143 | D:1      | Found a faded altar of an unknown god.
   202 | D:1      | Reached skill level 3 in Axes
   753 | D:1      | Reached XP level 3. HP: 32/32 MP: 3/3
  1540 | D:2      | Reached XP level 4. HP: 26/40 MP: 4/4
  1859 | D:2      | Noticed Jessica
  1871 | D:2      | Reached skill level 4 in Axes
  1871 | D:2      | Killed Jessica
  2196 | D:3      | You fall into a shaft and drop 3 floors!
  2196 | D:6      | Noticed an orc warrior
  2196 | D:6      | Found an ancient bone altar of Kikubaaqudgha.
  2197 | D:6      | Became a worshipper of Beogh the Brigand
  2203 | D:6      | Reached skill level 5 in Axes
  2297 | D:6      | Reached XP level 5. HP: 46/46 MP: 5/5
  2329 | D:6      | Reached skill level 6 in Axes
  2352 | D:6      | Killed a water moccasin
  2501 | D:5      | Entered Level 5 of the Dungeon
  2535 | D:5      | Reached XP level 6. HP: 31/52 MP: 6/6
  2546 | D:5      | Reached skill level 7 in Axes
  2824 | D:4      | Found a staircase to the Ecumenical Temple.
  2979 | D:4      | Noticed Blork the orc
  2990 | D:4      | Killed Blork the orc
  3109 | D:4      | Noticed Dowan
  3112 | D:4      | Noticed Duvessa
  3115 | D:4      | Killed Dowan
  3116 | D:4      | Reached skill level 8 in Axes
  3125 | D:4      | HP: 2/52 [Duvessa/+0 short sword (5)]
  3125 | D:4      | Slain by Duvessa

Illustrated notes

Levels and vault maps discovered:
D:1:      co_arrival_square_in_a_square_in_a_square, layout_basic,
          ebering_ecumenical_altar_abandoned, minmay_misc_feat_enclosed,
          minmay_crystal_room
D:2:      layout_rooms, minmay_tetromino_l4, uniq_jessica
D:3:      layout_basic
D:4:      layout_loops_ring, slow_altar_2, gammafunk_temple_overflow_pools,
          minmay_temple_entry_sparse_star, serial_shops, kennysheep_little_box,
          minmay_misc_feat_roman, uniq_duvessa, uniq_blork_the_orc
D:5:      layout_gridville
D:6:      layout_cave_pools, kiku_gazebo_pond_becter, serial_bayou_ford_a

Skill      XL: |  1  2  3  4  5  6 |
---------------+-------------------+-----
Axes           | 3 5 6 8 |  8.1
Fighting       | 4 |  4.0
Armour         | 4 |  4.0
Shields        | 4 |  4.0

Action                   |  1- 3 |  4- 6 || total
-------------------------+-------+-------++-------
Melee: War axe           |    95 |   124 ||   219
Invok: Convert to Beogh  |       |     1 ||     1
Armor: Scale mail        |    43 |    59 ||   102
Dodge: Dodged            |    42 |    35 ||    77
Block: Buckler           |    35 |    54 ||    89
       Reflection        |       |     1 ||     1
